 Dungeon Crawl Stone Soup version 0.30.0-5-g1a98f26d00 (webtiles) character file.

Game seed: 7756440914161759566

40 sampeng1 the Chiller (level 3, -1/24 HPs)
             Began as a Human Ice Elementalist on May 9, 2023.
             Slain by a goblin
             ... wielding a +0 dagger
             ... led by Robin
              (4 damage)
             ... on level 2 of the Dungeon.
             The game lasted 00:07:14 (1535 turns).

sampeng1 the Chiller (Human Ice Elementalist)       Turns: 1535, Time: 00:07:14

Health: -1/24      AC:  2    Str:  8    XL:     3   Next: 72%
Magic:  6/6        EV: 12    Int: 17    God:
Gold:   104        SH:  0    Dex: 13    Spells: 5/6 levels left

rFire   . . .        h - +2 dagger (holy)
rCold   . . .        (no shield)
rNeg    . . .        a - +0 robe
rPois   .            (no helmet)
rElec   .            (no cloak)
rCorr   .            (no gloves)
SInv    .            (no boots)
Will    .....        (no amulet)
Stlth   ++           (no ring)
HPRegen 0.24/turn    (no ring)
MPRegen 0.10/turn

%: no passive effects
@: attractive
A: no striking features
a: no special abilities


You were on level 2 of the Dungeon.
You visited 1 branch of the dungeon, and saw 2 of its levels.

You collected 104 gold pieces.

Inventory:

Hand Weapons
 h - a +2 dagger of holy wrath (weapon)
 j - a +0 sling
Missiles
 m - 2 stones (quivered)
Armour
 a - a +0 robe (worn)
 d - a +0 kite shield
 l - the +1 scale mail of the Ladybird {rElec Will+ Dex+2}
   (You found it on level 2 of the Dungeon)

   Dex:       It affects your dexterity (+2).
   rElec:     It insulates you from electricity.
   Will:      It increases your willpower.
Scrolls
 e - 2 scrolls of immolation {unknown}
 f - a scroll of noise {unknown}
 i - 2 scrolls of enchant armour {unknown}
 k - a scroll of magic mapping {unknown}
Potions
 b - a potion of magic
 g - 2 potions of flight {unknown}


   Skills:
 + Level 2.5 Dodging
 + Level 2.6 Stealth
 + Level 2.3 Spellcasting
 + Level 4.3 Ice Magic


You had 5 spell levels left.
You knew the following spells:

 Your Spells              Type           Power      Damage    Failure   Level
a - Freeze                Ice            64%        1d7       3%          1

Your spell library contained the following spells:

 Spells                   Type           Power      Damage    Failure   Level
 Frozen Ramparts          Ice            32%        1d5       10%         3
 Ozocubu's Armour         Ice            16%        N/A       10%         3
 Summon Ice Beast         Ice/Summ       9%         N/A       61%         4


Dungeon Overview and Level Annotations

Branches:
Dungeon (2/15)

Altars:

Annotations:
D:2 Robin


Message History

A goblin comes into view. It is wielding a +0 dagger.
The goblin barely misses you. The hobgoblin hits you.
You see here a dart slug corpse.
You closely miss the goblin. The goblin hits you with a +0 club.
The hobgoblin barely misses you.
You hit the goblin.
You kill the goblin!
The hobgoblin hits you.
You hit the hobgoblin but do no damage.
The hobgoblin hits you but does no damage.
The hobgoblin closely misses you.
Robin of the Strong Arm comes into view.
They are wielding a +0 mace and wearing the +1 helmet of Compassion {rCorr SInv}.
You completely miss the hobgoblin.
Robin shouts!
The hobgoblin barely misses you. The hobgoblin hits you.
You hit the hobgoblin.
The hobgoblin is almost dead.
The hobgoblin barely misses you. x2; Robin throws the goblin at you!
You closely miss the hobgoblin.
The hobgoblin is almost dead.
The hobgoblin misses you. The goblin hits you with a +0 dagger.
The hobgoblin barely misses you.
The hobgoblin shouts!
You hit the hobgoblin.
You kill the hobgoblin!
The hobgoblin misses you. The goblin hits you with a +0 dagger.
* * * LOW HITPOINT WARNING * * *
It was a potion of attraction.
You feel attractive to monsters. The hobgoblin hits you.
* * * LOW HITPOINT WARNING * * *
The goblin hits you with a +0 dagger.
* * * LOW HITPOINT WARNING * * *
The goblin barely misses you.
Robin roars a battlecry!
The goblins go into a battle-frenzy!
You hit the goblin.
You kill the goblin!
The hobgoblin closely misses you. The goblin hits you with a +0 dagger.
You die...

#####
#...########
#.....)..).#
###...######.#
#.....##
###.####
#......#
#.......
..##.####g#...##
#.#.####


g.gggggg@g##.## #.#...## g.##.#######.# # ###.## #.# #.###.## #+# #.......
#####.## #.# ##.## .####...# ..'....... You could see Robin, 3 hobgoblins and 4
goblins.

Vanquished Creatures
  2 dart slugs
  3 bats
  4 endoplasms (D:1)
  A giant cockroach (D:1)
  6 goblins
  5 hobgoblins
  2 quokkas (D:1)
  5 ball pythons
  2 frilled lizards (D:1)
  3 kobolds
  A rat (D:2)
34 creatures vanquished.

Notes
Turn   | Place    | Note
-------+----------+-------------------------------------------
     0 | D:1      | sampeng1 the Human Ice Elementalist began the quest for the
                  | Orb.
     0 | D:1      | Reached XP level 1. HP: 13/13 MP: 3/3
   227 | D:1      | Reached XP level 2. HP: 19/19 MP: 3/5
   567 | D:1      | Reached XP level 3. HP: 19/24 MP: 6/6
  1315 | D:2      | Identified the +1 scale mail of the Ladybird {rElec Will+
                  | Dex+2}
  1529 | D:2      | Identified the +1 helmet of Compassion {rCorr SInv}
  1529 | D:2      | Noticed Robin
  1535 | D:2      | Slain by a goblin

Illustrated notes

Levels and vault maps discovered:
D:1:      kilobyte_arrival_exit_the_forest, layout_basic
D:2:      layout_loops_corners, hellmonk_ecumenical_altar_leap_of_faith,
          serial_shops, shop, nicolae_shop_crystal, grunt_ministairs_11,
          uniq_robin

Action                     || total
---------------------------++-------
  Melee: Dagger            ||    68
         Short sword       ||    33
   Cast: Freeze            ||    18
    Use: Potion            ||     1
   Stab: Sleeping          ||     4
 Armour: Robe              ||    19
  Dodge: Dodged            ||    78
